AoeStats
← 体制少妇白洁

Coastal Forest

503611632Analyzed
4v4 RM · 1mo ago on Sep 1, 2026· 63m 17s· 8 players
Game mode
Random Map
Map size
Large (8 player)
Population
200
Speed
Normal
Resources
Standard
Victory
Conquest
Starting age
Dark Age
Ending age
Imperial Age
RankedLock teamsTeams togetherTeam positionsShared explorationLock speedFull tech treeHidden civsTurbo modeCheats
Victory
Defeat
🇭🇰 Tupi · Hong Kong SAR China
1555
+16
🇨🇳 Malay · China
1497
+19
🇨🇳 Italians · China
1431
+22
🇨🇳 Inca · China
1426
+22
🇹🇼 Byzantines · Taiwan
1590
-21
1576
-20
🇹🇼 Italians · Taiwan
1570
-20
1508
-17
穿山甲
5:59 Loom
9:13 Feudal Age
10:14 Town Watch
12:05 Double-Bit Axe
12:42 Fletching
17:29 Horse Collar
22:48 Castle Age
22:49 Crossbowman
23:25 Bodkin Arrow
23:25 Gold Mining
24:24 Padded Archer Armor
30:09 Wheelbarrow
29:56 Bow Saw
30:22 Wheelbarrow
32:15 Stone Mining
32:59 Heavy Plow
39:51 Imperial Age
41:55 Chemistry
41:16 Ballistics
42:03 Thumb Ring
43:37 Bracer
44:50 Leather Archer Armor
45:41 Stone Shaft Mining
46:55 Arbalester
48:06 Ring Archer Armor
47:14 Arbalester
49:53 Caravan
50:21 Elite Skirmisher
55:00 Hand Cart
56:21 Scale Barding Armor
56:26 Forging
57:22 Light Cavalry
58:13 Bloodlines
58:03 Husbandry
59:44 Iron Casting
61:13 Conscription
62:13 Silk Road
63:34 Chain Barding Armor
64:14 Blast Furnace
体制少妇白洁
8:28 Loom
11:08 Feudal Age
15:07 Castle Age
13:13 Fletching
13:17 Double-Bit Axe
14:04 Fletching
16:11 Bow Saw
16:07 Bodkin Arrow
17:40 Ballistics
19:42 Horse Collar
24:33 Padded Archer Armor
25:34 Gold Mining
27:22 Wheelbarrow
29:10 Hand Cart
32:52 Imperial Age
32:10 Leather Archer Armor
32:36 Gold Shaft Mining
32:55 Capped Ram
33:49 Bracer
34:57 Chemistry
34:19 Conscription
33:56 Elite Blackwood Archer
34:53 Siege Ram
37:48 Curare
38:01 Stone Mining
38:51 Scale Mail Armor
38:29 Champi Runner
39:11 Squires
39:22 Forging
40:02 Chain Mail Armor
39:09 Champi Warrior
39:51 Elite Champi Warrior
42:06 Plate Mail Armor
46:09 Clinker Construction
46:09 Careening
52:02 Dry Dock
53:09 Two-Man Saw
56:04 Ring Archer Armor
YiTiaoQu
11:17 Feudal Age
12:10 Champi Runner
12:49 Double-Bit Axe
15:05 Castle Age
13:11 Champi Runner
15:18 Arson
15:10 Champi Warrior
17:59 Squires
18:44 Scale Mail Armor
22:30 Chain Mail Armor
22:34 Forging
25:06 Chain Mail Armor
28:13 Horse Collar
30:27 Wheelbarrow
33:09 Iron Casting
34:31 Bow Saw
34:21 Heavy Plow
34:11 Gold Mining
34:12 Stone Mining
34:10 Loom
41:45 Imperial Age
39:32 Hand Cart
41:47 Imperial Age
39:32 Hand Cart
41:47 Imperial Age
39:32 Hand Cart
41:48 Imperial Age
41:45 Pikeman
41:55 Elite Champi Warrior
43:51 Stone Shaft Mining
43:56 Gold Shaft Mining
43:57 Stone Shaft Mining
44:00 Town Watch
44:57 Plate Mail Armor
44:42 Caravan
44:53 Halberdier
48:49 Blast Furnace
49:55 Capped Ram
51:10 Crop Rotation
51:25 Town Patrol
51:37 Fabric Shields
51:58 Conscription
52:56 Masonry
52:26 Treadmill Crane
53:47 Chemistry
52:53 Siege Engineers
57:18 Coinage
57:28 Guilds
57:58 Clinker Construction
58:11 Ballistics
57:44 Fletching
59:31 Fortified Wall
60:52 Hoardings
60:30 Andean Sling
可爱透耀人
13:23 Feudal Age
14:04 Double-Bit Axe
16:51 Castle Age
16:16 Loom
17:03 Medium Warships
19:24 Forging
20:16 Wheelbarrow
19:58 Gold Mining
20:34 Clinker Construction
22:03 Careening
22:21 Bow Saw
21:59 Loom
22:36 Town Watch
25:31 Gold Shaft Mining
25:33 Fletching
26:54 Bodkin Arrow
28:39 Fishing Lines
31:10 Gillnets
35:37 Imperial Age
34:36 Hand Cart
35:29 Heavy Warships
35:07 Bracer
36:56 Carvel Hull
37:56 Chemistry
37:01 Stone Mining
37:18 Scale Barding Armor
39:20 Town Patrol
42:08 Iron Casting
42:56 Dry Dock
43:12 Guilds
42:37 Elite Cannon Galleon
43:56 Conscription
44:49 Ballistics
45:43 Stone Shaft Mining
45:18 Husbandry
48:16 Caravan
48:34 Sappers
49:34 Elite Battle Elephant
52:05 Sanctity
54:29 Blast Furnace
56:01 Siege Engineers
56:08 Masonry
Old_two
3:21 Loom
10:11 Feudal Age
10:55 Double-Bit Axe
14:35 Castle Age
13:11 Fishing Lines
16:06 Fletching
16:29 Bow Saw
17:11 Medium Warships
18:05 Bodkin Arrow
19:58 Demolition Ship
27:40 Clinker Construction
27:41 Careening
32:53 Horse Collar
40:43 Wheelbarrow
45:09 Imperial Age
42:52 Heavy Plow
43:24 Heated Shot
43:59 Ballistics
45:55 Scale Barding Armor
46:00 Forging
46:35 Hand Cart
46:36 Squires
46:21 Arson
47:21 Crop Rotation
47:52 Two-Man Saw
46:44 Gold Mining
47:35 Light Cavalry
48:15 Husbandry
48:26 Bloodlines
48:42 Forging
48:53 Chain Barding Armor
49:11 Thumb Ring
48:37 Hussar
51:00 Chemistry
50:40 Chain Barding Armor
50:55 Iron Casting
51:19 Iron Casting
50:46 Padded Archer Armor
51:29 Pirotechnia
51:40 Conscription
52:13 Silk Road
54:54 Caravan
57:11 Plate Barding Armor
57:11 Iron Casting
More kindness less malice
6:46 Loom
9:06 Feudal Age
10:24 Double-Bit Axe
16:20 Fletching
22:47 Castle Age
23:23 Bodkin Arrow
22:51 Crossbowman
25:52 Wheelbarrow
26:15 Bow Saw
27:30 Ballistics
33:39 Gold Mining
33:54 Horse Collar
38:10 Hand Cart
43:48 Imperial Age
42:23 Scale Mail Armor
42:35 Forging
42:44 Squires
43:39 Gold Shaft Mining
44:08 Chain Mail Armor
44:34 Iron Casting
44:49 Fortified Wall
45:33 Plate Mail Armor
46:18 Eupseong
46:22 Bracer
48:30 Heavy Plow
49:23 Caravan
50:55 Conscription
50:27 Pikeman
50:38 Elite Skirmisher
52:27 Chemistry
52:46 Guilds
52:45 Halberdier
53:50 Arrowslits
55:20 Heavy Rocket Cart
56:29 Heavy Rocket Cart
BøM_antihack.exe
8:58 Loom
10:43 Feudal Age
15:18 Castle Age
13:13 Double-Bit Axe
14:07 Horse Collar
14:20 Gold Mining
16:37 Bow Saw
21:53 Sanctity
27:21 Stone Mining
32:29 Imperial Age
31:28 Wheelbarrow
32:27 Gold Shaft Mining
32:59 Stone Shaft Mining
33:12 Scale Barding Armor
33:18 Forging
33:26 Onager
33:43 Onager
36:41 Chain Barding Armor
37:10 Iron Casting
38:05 Plate Barding Armor
37:34 Husbandry
38:02 Conscription
40:33 Iron Casting
41:16 Caravan
41:24 Fletching
42:16 Logistica
45:57 Chemistry
47:51 Two-Man Saw
46:50 Elite Cataphract
57:09 Scale Mail Armor
57:14 Pikeman
58:21 Chain Mail Armor
58:02 Halberdier
60:33 Plate Mail Armor
再吵去東湖框你媽出場
5:11 Loom
10:32 Feudal Age
11:08 Double-Bit Axe
12:19 Champi Runner
21:18 Horse Collar
22:34 Scale Mail Armor
23:29 Fletching
29:48 Castle Age
29:25 Forging
32:38 Bow Saw
47:27 Caravan
48:09 Wheelbarrow
47:49 Heavy Plow
48:53 Champi Warrior
52:00 Chain Mail Armor
54:18 Pikeman
57:59 Iron Casting
62:43 Arson
Connection lost

Rejoining the realm…

Still unreachable

The connection could not be restored.

Session expired

The server has moved on; the page needs a fresh start.